Map: Blackburn LE

Players

PashkaRU - Winner!

  • Race: Protoss Protoss
  • League: Diamond

shked

  • Race: Protoss Protoss
  • League: Diamond

VOD

Have the link to the VOD?

Description

Time

  • Played on: April 16, 2021, 8:01 p.m.
  • Length: 13:35
Show
View Real Time Build Order
Export as new Build Order

PashkaRU Protoss - Winner!

Build Orders:  

Get SALT Encoding   

  12  0:00  Probe  
  13  0:12  Probe  
  14  0:18  Pylon  
  14  0:24  Probe  
  15  0:37  Probe (Chrono Boost)  
  15  0:39  Gateway  
  16  0:48  Assimilator, Probe (Chrono Boost)  
  17  0:54  Probe (Chrono Boost)  
  17  0:56  Assimilator  
  18  1:03  Probe (Chrono Boost)  
  19  1:11  Gateway  
  19  1:15  Probe (Chrono Boost)  
  20  1:23  Probe (Chrono Boost)  
  21  1:30  Cybernetics Core  
  21  1:36  Probe  
  22  1:40  Pylon  
  22  1:48  Probe  
  23  2:07  Stalker  
  27  2:08  Sentry  
  27  2:09  Warp Gate  
  27  2:17  Pylon  
  27  2:23  Robotics Facility  
  27  2:37  Pylon  
  27  2:41  Stalker  
  29  2:47  Sentry  
  31  3:09  Immortal (Chrono Boost)  
  35  3:24  Nexus  
  35  3:33  Pylon  
  35  3:42  Observer  
  35  3:45  Probe  
  37  3:57  Stalker, Sentry  
  37  4:02  Immortal (Chrono Boost)  
  45  4:14  Pylon  
  45  4:21  Probe  
  46  4:33  Probe  
  46  4:34  Stalker, Sentry  
  46  4:36  Probe  
  53  4:46  Probe (Chrono Boost)  
  53  4:48  Probe (Chrono Boost)  
  54  4:57  Probe (Chrono Boost)  
  54  4:59  Probe (Chrono Boost)  
  56  5:02  Probe (Chrono Boost)  
  56  5:04  Probe (Chrono Boost)  
  58  5:11  Probe  
  59  5:15  Probe  
  59  5:16  Nexus  
  59  5:20  Pylon  
  60  5:23  Probe  
  60  5:27  Probe  
  62  5:39  Probe  
  62  5:40  Probe  
  64  5:51  Probe  
  64  5:52  Probe  
  66  6:04  Probe x2  
  66  6:16  Probe x2  
  60  6:53  Stalker x2  
  58  6:56  Assimilator  
  58  6:57  Probe (Chrono Boost)  
  58  7:00  Assimilator  
  61  7:01  Probe (Chrono Boost)  
  61  7:06  Probe (Chrono Boost)  
  61  7:08  Probe (Chrono Boost)  
  62  7:10  Probe (Chrono Boost)  
  62  7:14  Gateway, Probe x2 (Chrono Boost)  
  62  7:15  Probe (Chrono Boost)  
  65  7:16  Gateway  
  65  7:18  Shield Battery  
  65  7:19  Shield Battery  
  65  7:20  Sentry x2  
  69  7:24  Probe  
  69  7:25  Probe  
  69  7:26  Probe, Shield Battery  
  69  7:29  Pylon  
  66  7:33  Immortal (Chrono Boost)  
  66  7:36  Probe  
  69  7:37  Probe  
  69  7:38  Probe  
  69  7:40  Gateway  
  69  7:42  Gateway  
  69  7:43  Sentry x2  
  65  7:46  Gateway  
  65  7:47  Gateway  
  65  7:49  Probe  
  57  8:11  Adept, Sentry  
  57  8:12  Adept x2  
  59  8:29  Shield Battery  
  59  8:34  Adept x3  
  59  8:35  Adept  
  63  9:01  Stalker x4  
  71  9:08  Probe (Chrono Boost)  
  71  9:09  Probe (Chrono Boost)  
  74  9:10  Probe (Chrono Boost)  
  75  9:18  Probe x2 (Chrono Boost), Pylon  
  75  9:19  Probe (Chrono Boost), Pylon  
  75  9:20  Pylon  
  75  9:22  Assimilator  
  75  9:23  Pylon  
  77  9:27  Assimilator  
  77  9:32  Pylon  
  77  9:36  Probe x3  
  77  9:37  Pylon  
  80  9:40  Observer  
  80  9:41  Pylon  
  80  9:43  Pylon  
  80  9:44  Pylon  
  80  9:45  Twilight Council  
  81  9:48  Probe (Chrono Boost)  
  81  9:53  Probe x2 (Chrono Boost)  
  81  9:56  Stalker x2  
  81  9:58  Probe (Chrono Boost)  
  85  10:02  Probe x2 (Chrono Boost), Stalker  
  85  10:03  Probe (Chrono Boost)  
  85  10:05  Stalker  
  92  10:12  Probe  
  92  10:14  Probe  
  92  10:16  Stalker  
  94  10:29  Probe (Chrono Boost)  
  94  10:33  Probe (Chrono Boost)  
  96  10:38  Probe (Chrono Boost)  
  96  10:41  Probe (Chrono Boost)  
  98  10:43  Probe (Chrono Boost)  
  98  10:47  Forge  
  98  10:48  Probe (Chrono Boost)  
  98  10:49  Probe (Chrono Boost)  
  101  10:51  Probe (Chrono Boost)  
  101  10:56  Probe (Chrono Boost)  
  103  10:58  Probe x2 (Chrono Boost)  
  103  11:01  Probe (Chrono Boost)  
  105  11:05  Probe  
  105  11:06  Probe  
  105  11:11  Probe  
  108  11:17  Probe  
  109  11:18  Probe  
  109  11:20  Photon Cannon  
  109  11:23  Photon Cannon  
  110  11:28  Photon Cannon x2  
  110  11:31  Charge (Chrono Boost)  
  110  11:32  Protoss Ground Weapons Level 1 (Chrono Boost), Photon Cannon  
  110  11:33  Pylon  
  110  11:34  Probe x3  
  113  11:40  Gateway  
  113  11:45  Pylon  
  113  11:56  Shield Battery  
  113  11:57  Shield Battery  
  113  11:58  Shield Battery  
  113  12:06  Warp Prism  
  115  12:23  Nexus  
  115  12:25  Pylon  
  115  12:27  Pylon  
  115  12:29  Photon Cannon, Pylon  
  115  12:33  Pylon  
  115  12:37  Gateway  
  115  12:40  Gateway  
  115  12:44  Pylon  
  115  12:50  Gateway  
  115  12:54  Gateway  
  115  13:11  Stalker x2  
  115  13:12  Stalker x6  
Show
View Real Time Build Order
Export as new Build Order

shked Protoss 

Build Orders:  

Get SALT Encoding   

  12  0:00  Probe  
  13  0:14  Pylon  
  13  0:19  Probe (Chrono Boost)  
  14  0:31  Probe (Chrono Boost)  
  15  0:36  Gateway  
  15  0:39  Probe (Chrono Boost)  
  16  0:50  Probe  
  17  1:02  Probe (Chrono Boost)  
  17  1:03  Gateway  
  18  1:05  Assimilator  
  18  1:11  Assimilator  
  18  1:15  Probe (Chrono Boost)  
  19  1:23  Cybernetics Core  
  19  1:28  Probe  
  20  1:35  Pylon  
  20  1:40  Probe  
  21  1:52  Probe  
  22  1:59  Stalker  
  22  2:00  Stalker  
  26  2:04  Probe  
  27  2:13  Warp Gate  
  27  2:16  Probe  
  28  2:23  Pylon  
  28  2:40  Robotics Facility  
  28  2:52  Nexus  
  28  2:55  Shield Battery  
  28  3:01  Shield Battery  
  28  3:10  Probe  
  28  3:11  Sentry (Chrono Boost)  
  28  3:12  Sentry (Chrono Boost)  
  33  3:30  Immortal  
  37  3:34  Probe  
  38  3:46  Probe  
  39  3:57  Twilight Council  
  39  4:04  Probe (Chrono Boost)  
  39  4:09  Probe (Chrono Boost), Observer  
  42  4:14  Probe (Chrono Boost)  
  44  4:17  Probe (Chrono Boost)  
  44  4:19  Probe (Chrono Boost)  
  44  4:20  Gateway  
  45  4:27  Gateway  
  45  4:28  Probe  
  45  4:30  Probe, Pylon  
  47  4:35  Charge (Chrono Boost)  
  47  4:40  Probe  
  47  4:43  Probe  
  49  4:52  Probe  
  50  4:55  Probe  
  50  4:56  Gateway  
  51  5:00  Pylon  
  51  5:04  Probe, Pylon  
  53  5:07  Probe  
  53  5:19  Gateway, Probe, Warp Prism (Chrono Boost)  
  55  5:21  Gateway  
  56  5:32  Gateway  
  56  5:33  Zealot x2  
  60  5:41  Zealot  
  60  5:42  Zealot  
  64  6:00  Zealot x3  
  70  6:08  Zealot x2  
  68  6:17  Zealot x2  
  66  6:25  Zealot x4  
  64  6:26  Zealot  
  64  6:32  Zealot x2  
  64  6:33  Zealot  
  50  6:51  Warp Prism (Chrono Boost)  
  50  6:57  Probe x2  
  54  7:05  Templar Archives  
  54  7:11  Probe (Chrono Boost)  
  54  7:13  Probe (Chrono Boost)  
  57  7:24  Probe (Chrono Boost)  
  51  7:44  Zealot x3  
  51  7:45  Zealot x5  
  55  8:05  Zealot x3  
  55  8:06  Zealot x3  
  55  8:21  Zealot x2  
  51  8:28  Probe x2  
  48  8:39  Zealot x2  
  48  8:40  Probe x2  
  48  8:51  High Templar x4  
  48  8:52  High Templar  
  48  8:56  Archon  
  48  8:57  Archon  
  44  9:07  Probe x2  
  46  9:13  High Templar x3  
  52  9:19  Probe, Archon  
  52  9:20  Archon  
  53  9:27  High Templar  
  53  9:28  High Templar  
  57  9:33  Archon  
  57  9:41  Pylon  
  51  10:27  Warp Prism (Chrono Boost)  
  45  10:35  Zealot x2  
  45  10:36  Zealot x6  
  45  10:40  Probe x2  
  63  10:43  Assimilator  
  63  10:46  Assimilator  
  63  10:51  Nexus  
  63  11:02  Probe  
  64  11:08  Probe  
  65  11:14  Probe  
  65  11:15  Pylon  
  65  11:17  High Templar x3  
  65  11:18  High Templar  
  74  11:19  Zealot  
  74  11:20  Zealot  
  74  11:22  Archon x2  
  78  11:34  Probe (Chrono Boost)  
  78  11:35  Pylon  
  78  11:37  Probe (Chrono Boost)  
  80  11:43  Probe (Chrono Boost), Shield Battery  
  80  11:45  Probe (Chrono Boost)  
  82  11:47  High Templar x2  
  82  11:51  Probe (Chrono Boost)  
  82  11:52  Archon  
  82  11:53  Probe (Chrono Boost)  
  88  11:54  Zealot x3  
  94  12:01  Pylon  
  94  12:02  Probe  
  94  12:05  Probe  
  96  12:13  Probe  
  96  12:14  Probe  
  98  12:16  High Templar x2  
  98  12:20  Archon  
  98  12:21  Zealot x5  
  98  12:22  Zealot  
  114  12:28  Pylon  
  114  12:29  Pylon  
  78  13:15  Zealot  
  78  13:16  Zealot x5  
  86  13:25  Zealot x2  
Tags
 
Add a new tag
Caveats
  • Supply blocks, unpowered buildings, or Contaminate may cause inaccurate times.
  • Supply counts are checked every 10 seconds.